 Dungeon Crawl Stone Soup version 0.27.1-34-g3ba077fa99 (webtiles) character file.

Game seed: 8957195480899800657

86 ticklebelly the Skirmisher (level 4, -2/41 HPs)
             Began as a Minotaur Berserker on Jan 7, 2022.
             Was a Believer of Trog.
             Slain by a river rat (5 damage)
             ... in a sewer.
             The game lasted 00:04:00 (1526 turns).

ticklebelly the Skirmisher (Minotaur Berserker)     Turns: 1526, Time: 00:04:01

Health: -2/41      AC:  3    Str: 23    XL:     4   Next: 27%
Magic:  3/3        EV: 12    Int:  4    God:    Trog [**....]
Gold:   42         SH:  0    Dex:  9    Spells: 3/3 levels left

rFire    . . .     SeeInvis .   a - +0 hand axe
rCold    . . .     Faith    .   (no shield)
rNeg     . . .     Spirit   .   b - +0 animal skin
rPois    .         Reflect  .   (helmet restricted)
rElec    .         Harm     .   (no cloak)
rCorr    .         Rampage  .   c - +0 pair of gloves
Will     .....                  (no boots)
Stlth    +.........             (no amulet)
HPRegen  0.13/turn              (no ring)
MPRegen  0.08/turn              (no ring)

@: no status effects
A: horns 2, retaliatory headbutt
a: Renounce Religion, Berserk, Trog's Hand


You were in a sewer.
You worshipped Trog.
Trog was pleased with you.
You visited 1 branch of the dungeon, and saw 3 of its levels.
You also visited: Sewer.

You collected 42 gold pieces.

Inventory:

Hand Weapons
 a - a +0 hand axe (weapon)
Armour
 b - a +0 animal skin (worn)
 c - a +0 pair of gloves (worn)
 k - a +0 plate armour
Scrolls
 d - a scroll of fear {unknown}
 f - a scroll of enchant armour {unknown}
 g - a scroll of amnesia {unknown}
 h - a scroll of acquirement {unknown}
 n - a scroll of summoning {unknown}
Potions
 e - 2 potions of curing {unknown}
 i - 2 potions of flight {unknown}
 j - 2 potions of resistance {unknown}
 l - a potion of cancellation {unknown}
 m - 2 potions of heal wounds {unknown}


   Skills:
 + Level 4.4 Fighting
 + Level 4.4 Axes
 + Level 3.5 Armour
 - Level 3.0 Dodging


You had 3 spell levels left.
You didn't know any spells.
Your spell library was empty.

Dungeon Overview and Level Annotations

Branches:
Dungeon (3/15)              Sewer (1/1)

Altars:
Xom

Shops:
D:1 ?


Innate Abilities, Weirdness & Mutations

You have a pair of horns on your head.
You reflexively headbutt those who attack you in melee.


Message History

You hit the river rat.
The river rat is moderately wounded.
The river rat bites you!
You hit the river rat.
The river rat is heavily wounded.
The river rat closely misses you.
Your unstable footing causes you to fumble your attack.
The river rat closely misses you.
You barely miss the river rat.
The river rat is heavily wounded.
The river rat bites you! The river rat bites you.
You closely miss the river rat.
The river rat is heavily wounded.
You closely miss the river rat.
The river rat is heavily wounded.
The river rat bites you.
* * * LOW HITPOINT WARNING * * *
You hit the river rat.
The river rat is almost dead.
You completely miss the river rat. The river rat misses you.
You furiously retaliate!
You headbutt the river rat. The river rat bites you.
* * * LOW HITPOINT WARNING * * *
You barely miss the river rat. You headbutt the river rat.
You kill the river rat!
Trog accepts your kill.
You closely miss the river rat. The river rat barely misses you.
You furiously retaliate!
You headbutt the river rat! You closely miss the river rat.
You headbutt the river rat, but do no damage.
The river rat is severely wounded.
The river rat bites you.
* * * LOW HITPOINT WARNING * * *
The river rat bites you.
* * * LOW HITPOINT WARNING * * *
You hit the river rat but do no damage.
You headbutt the river rat, but do no damage.
The river rat is severely wounded.
The river rat bites you.
You die...

..≈.. ....≈ ... .≈.
#≈# #≈# #≈# ##r##
##### ##†@.## ##...##
#####...≈.####≈≈≈.≈#
≈≈≈≈≈≈≈...≈≈≈≈≈.≈...#
≈#####.....####...≈.#
##.≈.## ##...## ##≈##
##≈## #≈# #≈# #≈# #†#
#≈# #≈#


You could see a river rat.

Vanquished Creatures
  2 river rats (Sewer)
  A white imp (D:3)
  2 worms
  A dart slug (D:3)
  An orc (D:3)
  6 ball pythons
  5 bats
  5 endoplasms
  2 giant cockroaches (D:1)
  6 goblins
  2 hobgoblins
  4 kobolds
  4 quokkas (D:1)
  2 frilled lizards (D:1)
  4 rats
47 creatures vanquished.

Vanquished Creatures (others)
  5 plants (D:1)
5 creatures vanquished.

Grand Total: 52 creatures vanquished

Notes
Turn   | Place    | Note
-------+----------+-------------------------------------------
     0 | D:1      | ticklebelly the Minotaur Berserker began the quest for the
                  | Orb.
     0 | D:1      | Reached XP level 1. HP: 19/19 MP: 0/0
   129 | D:1      | Found Zoylaggudi's Magic Scroll Shop.
   134 | D:1      | Reached XP level 2. HP: 19/27 MP: 1/1
   314 | D:1      | Found a shimmering altar of Xom.
   838 | D:1      | Reached XP level 3. HP: 30/33 MP: 2/2
  1034 | D:2      | Found a shimmering altar of Xom.
  1040 | D:2      | You fall into a shaft and drop 1 floor!
  1104 | D:3      | Reached ** piety under Trog
  1335 | D:3      | Found a glowing drain.
  1346 | Sewer    | Entered a sewer
  1426 | Sewer    | Reached XP level 4. HP: 41/41 MP: 3/3
  1526 | Sewer    | Slain by a river rat

Illustrated notes

Levels and vault maps discovered:
D:1:      eino_arrival_cavern_b, layout_basic, serial_shops,
          nicolae_diamond_shop, kennysheep_flooded_box, supply_closet_lemuel,
          serial_bayou_ford_a
D:2:      layout_loops_ring, shapermc_ecumenical_altar_venn, basic_altar,
          nrook_campfire
D:3:      layout_basic, cheibrodos_sewer_entry_sluice
Sewer:    sewer_co_15_rooms

Skill      XL: |  1  2  3  4 |
---------------+-------------+-----
Fighting       | 4 |  4.4
Axes           | 4 |  4.4
Armour         | 3 |  3.5
Dodging        | 3 |  3.0

Action                   |  1- 3 |  4- 6 || total
-------------------------+-------+-------++-------
Melee: Hand axe          |   103 |    14 ||   117
       Headbutt          |    17 |     4 ||    21
Armor: Animal skin       |    25 |     1 ||    26
Dodge: Dodged            |    71 |     5 ||    76
